General information
- name: BNet
- type: Ladder team game (AT/RT)
- host: Battle.net
- saver: GENESIS_DOESSSS
map: Cherryville
- players: 8
- length: 56:48
- speed: Fast
- version: 1.26 W3XP
- replay type: Public
» download(448 KB)
Players
team 1 (loser)
RANDOMNUMBER (
blue | 59 APM | 3378 actions | 56:46)
7 Archmage
1 Summon Water Elemental
2 Brilliance Aura
3 Blizzard
1 Mass Teleport
8 Mountain King
3 Storm Bolt
3 Bash
1 Avatar
1 Thunder Clap
» actions
| Assign group hotkey | 183 | |
| Basic commands | 323 | |
| Build / train | 145 | |
| ESC pressed | 2 | |
| Enter build submenu | 38 | |
| Enter hero's abilities submenu | 16 | |
| Give item / drop item | 1 | |
| Right click | 1122 | |
| Select / deselect | 762 | |
| Select group hotkey | 521 | |
| Use ability | 265 | |
3378 total
» units
| Peasant | 14 | |
| Footman | 5 | |
| Rifleman | 15 | |
| Mortar Team | 23 | |
| Priest | 6 | |
| Sorceress | 6 | |
| Dragonhawk Rider | 7 | |
| Gryphon Rider | 3 | |
79 total
» upgrades
| Long Rifles | 1 | |
| Masonry | 3 | |
| Flare | 1 | |
| Gunpowder | 1 | |
| Armor | 1 | |
| Magic Sentry | 1 | |
| Priest Training | 1 | |
| Fragmentation Shards | 1 | |
| Cloud | 1 | |
| Storm Hammers | 1 | |
12 total
» buildings
| Altar of Kings | 1 | |
| Farm | 9 | |
| Barracks | 1 | |
| Lumber Mill | 2 | |
| Blacksmith | 2 | |
| Arcane Vault | 1 | |
| Keep | 1 | |
| Scout Tower | 12 | |
| Guard Tower | 9 | |
| Workshop | 1 | |
| Arcane Sanctum | 1 | |
| Castle | 1 | |
| Town Hall | 2 | |
| Gryphon Aviary | 1 | |
| Great Hall | 1 | |
45 total
» build order
00:11 Altar of Kings
00:13 Farm
00:18 Barracks
00:53 Farm
01:18 Lumber Mill
02:06 Blacksmith
02:25 Farm
02:53 Arcane Vault
03:15 Farm
03:44 Keep
04:09 Scout Tower
04:54 Guard Tower
04:57 Farm
04:59 Scout Tower
05:39 Guard Tower
05:42 Farm
06:30 Workshop
06:39 Arcane Sanctum
07:43 Scout Tower
08:04 Farm
08:22 Scout Tower
09:06 Farm
10:03 Guard Tower
10:05 Scout Tower
10:26 Farm
18:19 Castle
25:18 Town Hall
27:46 Blacksmith
27:53 Scout Tower
28:34 Scout Tower
28:35 Guard Tower
29:59 Guard Tower
30:09 Gryphon Aviary
36:45 Town Hall
38:20 Great Hall
49:53 Scout Tower
50:47 Lumber Mill
51:07 Scout Tower
51:11 Scout Tower
51:35 Guard Tower
52:00 Guard Tower
52:23 Guard Tower
52:26 Scout Tower
52:31 Scout Tower
53:06 Guard Tower
» items
| Scroll of Regeneration | 4 | |
| Scroll of Town Portal | 5 | |
| Lesser Clarity Potion | 2 | |
| Potion of Healing | 2 | |
13 total

»
Nr20CarrierOnly (
red | 150 APM | 5418 actions | 36:11)
8 Blademaster
3 Wind Walk
3 Critical Strike
1 Bladestorm
1 Mirror Image
» actions
| Assign group hotkey | 48 | |
| Basic commands | 115 | |
| Build / train | 104 | |
| ESC pressed | 4 | |
| Enter build submenu | 51 | |
| Enter hero's abilities submenu | 8 | |
| Give item / drop item | 2 | |
| Remove unit from queue | 1 | |
| Right click | 2880 | |
| Select / deselect | 798 | |
| Select group hotkey | 1231 | |
| Use ability | 172 | |
5418 total
» units
| Peon | 15 | |
| Grunt | 7 | |
| Troll Headhunter/Berserker | 29 | |
| Demolisher | 2 | |
53 total
» upgrades
| Ranged Weapons | 3 | |
| Armor | 3 | |
| Troll Regeneration | 1 | |
| Berserker Upgrade | 1 | |
8 total
» buildings
| Altar of Storms | 3 | |
| Orc Burrow | 9 | |
| Barracks | 3 | |
| War Mill | 2 | |
| Voodoo Lounge | 3 | |
| Stronghold | 4 | |
| Watch Tower | 12 | |
| Great Hall | 4 | |
| Fortress | 5 | |
45 total
» build order
00:17 Altar of Storms
00:33 Orc Burrow
01:03 Barracks
01:23 War Mill
01:43 Orc Burrow
02:13 Voodoo Lounge
03:18 Orc Burrow
03:54 Stronghold
05:01 Watch Tower
05:04 Watch Tower
06:13 Orc Burrow
07:06 Great Hall
08:51 Great Hall
09:13 Watch Tower
09:14 Fortress
09:19 Watch Tower
10:53 Watch Tower
11:47 Stronghold
12:18 Voodoo Lounge
13:49 Barracks
15:06 Orc Burrow
16:24 War Mill
18:31 Altar of Storms
18:46 Orc Burrow
18:57 Great Hall
20:02 Watch Tower
20:11 Watch Tower
20:16 Fortress
20:58 Watch Tower
21:54 Barracks
22:14 Orc Burrow
24:25 Stronghold
25:10 Orc Burrow
27:00 Altar of Storms
27:47 Watch Tower
27:48 Watch Tower
27:52 Orc Burrow
28:28 Fortress
29:08 Great Hall
29:59 Watch Tower
30:30 Voodoo Lounge
31:03 Watch Tower
» items
| Healing Salve | 1 | |
| Lesser Clarity Potion | 4 | |
| Scroll of Regeneration | 1 | |
| Potion of Mana | 9 | |
| Potion of Healing | 5 | |
| Orb of Lightning | 3 | |
23 total
raoul.duke (
orange | 62 APM | 2941 actions | 47:39)
8 Mountain King
3 Storm Bolt
3 Bash
1 Avatar
1 Thunder Clap
5 Archmage
2 Blizzard
3 Brilliance Aura
1 Paladin
1 Holy Light
» actions
| Assign group hotkey | 71 | |
| Basic commands | 134 | |
| Build / train | 121 | |
| ESC pressed | 3 | |
| Enter build submenu | 38 | |
| Enter hero's abilities submenu | 14 | |
| Remove unit from queue | 1 | |
| Right click | 1617 | |
| Select / deselect | 581 | |
| Select group hotkey | 254 | |
| Use ability | 107 | |
2941 total
» units
| Peasant | 18 | |
| Footman | 9 | |
| Goblin Shredder | 1 | |
| Rifleman | 17 | |
| Knight | 22 | |
67 total
» upgrades
| Defend | 1 | |
| Swords | 3 | |
| Long Rifles | 1 | |
| Lumber Harvesting | 1 | |
| Masonry | 1 | |
| Gunpowder | 2 | |
| Armor | 1 | |
| Plating | 3 | |
| Animal War Training | 1 | |
14 total
» buildings
| Altar of Kings | 1 | |
| Barracks | 4 | |
| Farm | 12 | |
| Lumber Mill | 1 | |
| Arcane Vault | 2 | |
| Town Hall | 2 | |
| Scout Tower | 9 | |
| Keep | 1 | |
| Blacksmith | 1 | |
| Arcane Tower | 1 | |
| Guard Tower | 8 | |
| Castle | 1 | |
| Arcane Sanctum | 1 | |
44 total
» build order
00:16 Altar of Kings
00:23 Barracks
00:28 Farm
01:16 Farm
02:02 Farm
02:16 Lumber Mill
03:04 Farm
03:45 Arcane Vault
04:18 Town Hall
04:46 Scout Tower
05:14 Farm
05:16 Farm
05:45 Farm
07:00 Keep
07:04 Blacksmith
07:12 Scout Tower
07:13 Arcane Tower
07:19 Scout Tower
07:59 Guard Tower
08:05 Scout Tower
08:07 Guard Tower
08:07 Guard Tower
08:08 Scout Tower
08:11 Scout Tower
08:15 Scout Tower
08:43 Guard Tower
08:58 Guard Tower
09:08 Barracks
09:27 Guard Tower
09:29 Scout Tower
09:59 Barracks
10:00 Barracks
10:02 Castle
10:09 Arcane Sanctum
10:21 Guard Tower
10:46 Farm
10:46 Farm
10:48 Farm
10:49 Farm
10:52 Farm
11:07 Arcane Vault
11:53 Scout Tower
14:04 Guard Tower
19:41 Town Hall
» items
| Scroll of Regeneration | 5 | |
| Orb of Fire | 3 | |
| Potion of Healing | 1 | |
9 total
GeneralOverton (
purple | 37 APM | 1679 actions | 44:59)
5 Mountain King
3 Storm Bolt
2 Bash
5 Paladin
3 Holy Light
1 Divine Shield
1 Devotion Aura
» actions
| Assign group hotkey | 40 | |
| Basic commands | 56 | |
| Build / train | 100 | |
| Enter build submenu | 25 | |
| Enter hero's abilities submenu | 10 | |
| Give item / drop item | 3 | |
| Remove unit from queue | 2 | |
| Right click | 474 | |
| Select / deselect | 555 | |
| Select group hotkey | 335 | |
| Use ability | 79 | |
1679 total
» units
| Peasant | 21 | |
| Footman | 12 | |
| Siege Engine | 13 | |
| Knight | 18 | |
64 total
» upgrades
| Masonry | 1 | |
| Lumber Harvesting | 2 | |
| Barrage | 1 | |
| Swords | 3 | |
| Plating | 2 | |
| Animal War Training | 1 | |
| Gunpowder | 1 | |
11 total
» buildings
| Barracks | 2 | |
| Altar of Kings | 1 | |
| Farm | 15 | |
| Keep | 1 | |
| Scout Tower | 11 | |
| Arcane Vault | 2 | |
| Arcane Tower | 1 | |
| Lumber Mill | 1 | |
| Guard Tower | 3 | |
| Castle | 1 | |
| Blacksmith | 1 | |
| Town Hall | 3 | |
| Workshop | 2 | |
44 total
» build order
00:23 Barracks
00:26 Altar of Kings
00:33 Farm
00:33 Farm
02:20 Farm
02:20 Farm
03:30 Keep
04:46 Scout Tower
04:48 Scout Tower
04:49 Scout Tower
04:50 Scout Tower
04:53 Farm
04:54 Farm
05:05 Arcane Vault
05:52 Arcane Tower
05:57 Lumber Mill
06:06 Scout Tower
07:03 Guard Tower
08:55 Castle
09:45 Blacksmith
10:05 Farm
10:06 Farm
10:07 Farm
10:08 Farm
10:23 Town Hall
10:36 Scout Tower
10:37 Scout Tower
10:39 Scout Tower
10:40 Scout Tower
10:41 Scout Tower
10:42 Scout Tower
10:45 Arcane Vault
11:07 Workshop
11:16 Workshop
15:00 Guard Tower
17:16 Barracks
19:03 Farm
19:04 Farm
19:04 Farm
19:05 Farm
19:06 Farm
20:35 Guard Tower
29:40 Town Hall
36:33 Town Hall
» items
| Periapt of Vitality | 1 | |
| Scroll of Town Portal | 3 | |
| Boots of Speed | 1 | |
5 total
team 2 (winner)
wtvr (
yellow | 35 APM | 2002 actions | 56:47)
9 Archmage
3 Summon Water Elemental
3 Brilliance Aura
1 Mass Teleport
2 Blizzard
10 Mountain King
3 Storm Bolt
3 Bash
3 Thunder Clap
1 Avatar
» actions
| Assign group hotkey | 83 | |
| Basic commands | 40 | |
| Build / train | 87 | |
| Enter build submenu | 26 | |
| Enter hero's abilities submenu | 19 | |
| Give item / drop item | 5 | |
| Remove unit from queue | 4 | |
| Right click | 857 | |
| Select / deselect | 520 | |
| Select group hotkey | 75 | |
| Use ability | 286 | |
2002 total
» units
| Peasant | 8 | |
| Footman | 3 | |
| Goblin Shredder | 1 | |
| Sorceress | 2 | |
| Priest | 7 | |
| Knight | 5 | |
| Spell Breaker | 2 | |
| Demolisher | 4 | |
32 total
» upgrades
| Sorceress Training | 2 | |
| Priest Training | 2 | |
4 total
» buildings
| Altar of Kings | 1 | |
| Farm | 10 | |
| Barracks | 1 | |
| Scout Tower | 6 | |
| Arcane Tower | 4 | |
| Keep | 2 | |
| Arcane Sanctum | 2 | |
| Lumber Mill | 1 | |
| Castle | 2 | |
| Arcane Vault | 1 | |
| Blacksmith | 1 | |
| Town Hall | 1 | |
32 total
» build order
00:07 Altar of Kings
00:34 Farm
00:52 Barracks
01:03 Farm
01:19 Farm
01:41 Scout Tower
02:24 Arcane Tower
03:36 Keep
06:05 Arcane Sanctum
06:07 Arcane Sanctum
06:35 Lumber Mill
08:22 Farm
08:26 Farm
09:18 Farm
09:19 Farm
10:15 Castle
10:15 Castle
10:21 Arcane Vault
10:29 Blacksmith
11:50 Farm
11:51 Farm
11:52 Farm
20:15 Town Hall
26:32 Scout Tower
26:34 Scout Tower
26:35 Scout Tower
26:37 Scout Tower
26:39 Scout Tower
26:55 Arcane Tower
26:55 Arcane Tower
26:55 Arcane Tower
» items
| Healing Salve | 1 | |
| Potion of Healing | 4 | |
| Scroll of Regeneration | 2 | |
| Scroll of Town Portal | 1 | |
| Orb of Fire | 1 | |
| Staff of Teleportation | 1 | |
10 total

»
WC3ISDEADFUC (
pink | 32 APM | 732 actions | 22:40)
4 Blademaster
2 Wind Walk
2 Critical Strike
3 Tauren Chieftain
2 Endurance Aura
1 War Stomp
» actions
| Basic commands | 19 | |
| Build / train | 102 | |
| Enter build submenu | 19 | |
| Enter hero's abilities submenu | 7 | |
| Remove unit from queue | 1 | |
| Right click | 280 | |
| Select / deselect | 273 | |
| Use ability | 31 | |
732 total
» units
| Peon | 11 | |
| Grunt | 3 | |
| Troll Headhunter/Berserker | 54 | |
| Shaman | 3 | |
| Troll Witch Doctor | 3 | |
74 total
» upgrades
| Ranged Weapons | 3 | |
| Armor | 3 | |
| Troll Regeneration | 1 | |
| Berserker Upgrade | 1 | |
| Shaman Training | 2 | |
| Witch Doctor Training | 3 | |
13 total
» buildings
| Orc Burrow | 8 | |
| Altar of Storms | 1 | |
| Barracks | 2 | |
| War Mill | 1 | |
| Stronghold | 1 | |
| Great Hall | 1 | |
| Voodoo Lounge | 1 | |
| Fortress | 1 | |
| Spirit Lodge | 1 | |
17 total
» build order
00:28 Orc Burrow
00:37 Altar of Storms
01:06 Barracks
01:45 Orc Burrow
02:36 Orc Burrow
02:58 War Mill
03:35 Orc Burrow
03:48 Barracks
04:06 Stronghold
05:54 Orc Burrow
06:58 Great Hall
07:27 Voodoo Lounge
07:31 Fortress
09:54 Spirit Lodge
14:51 Orc Burrow
18:03 Orc Burrow
19:50 Orc Burrow
» items
| Healing Salve | 1 | |
| Orb of Lightning | 2 | |
3 total
GENESIS_DOESSSS (
green | 175 APM | 9920 actions | 56:48)
10 Pandaren Brewmaster
3 Drunken Haze
3 Breath of Fire
1 Storm Earth and Fire
3 Drunken Brawler
» actions
| Assign group hotkey | 623 | |
| Basic commands | 846 | |
| Build / train | 186 | |
| ESC pressed | 10 | |
| Enter build submenu | 87 | |
| Enter hero's abilities submenu | 12 | |
| Give item / drop item | 5 | |
| Right click | 4388 | |
| Select / deselect | 1504 | |
| Select group hotkey | 1931 | |
| Use ability | 328 | |
9920 total
» units
| Peasant | 48 | |
| Footman | 8 | |
| Goblin Zeppelin | 1 | |
| Goblin Shredder | 1 | |
| Mortar Team | 8 | |
| Gryphon Rider | 12 | |
| Knight | 4 | |
| Goblin Sapper | 1 | |
| Siege Engine | 2 | |
| Peon | 5 | |
| Shaman | 1 | |
| Troll Witch Doctor | 1 | |
| Spirit Walker | 1 | |
93 total
» upgrades
| Defend | 2 | |
| Gunpowder | 3 | |
| Armor | 3 | |
| Lumber Harvesting | 2 | |
| Flare | 1 | |
| Animal War Training | 1 | |
| Storm Hammers | 1 | |
| Swords | 3 | |
| Plating | 3 | |
| Masonry | 3 | |
| Long Rifles | 1 | |
| Flak Cannons | 1 | |
| Fragmentation Shards | 1 | |
| Barrage | 1 | |
| Spirit Walker Training | 1 | |
| Reinforced Defenses | 1 | |
28 total
» buildings
| Lumber Mill | 3 | |
| Farm | 15 | |
| Barracks | 3 | |
| Altar of Kings | 1 | |
| Arcane Vault | 4 | |
| Town Hall | 9 | |
| Blacksmith | 5 | |
| Scout Tower | 33 | |
| Guard Tower | 15 | |
| Keep | 1 | |
| Workshop | 3 | |
| Castle | 1 | |
| Gryphon Aviary | 7 | |
| Cannon Tower | 2 | |
| Spirit Lodge | 4 | |
106 total
» build order
00:20 Lumber Mill
00:34 Farm
01:05 Barracks
01:07 Farm
01:36 Altar of Kings
01:49 Farm
02:22 Farm
02:28 Farm
03:17 Farm
04:10 Farm
05:05 Arcane Vault
05:07 Arcane Vault
05:38 Town Hall
05:42 Blacksmith
05:45 Blacksmith
05:56 Farm
06:01 Scout Tower
06:02 Scout Tower
06:03 Scout Tower
06:30 Guard Tower
06:42 Blacksmith
06:44 Farm
06:56 Farm
07:02 Keep
07:02 Guard Tower
07:13 Scout Tower
07:24 Scout Tower
07:25 Scout Tower
07:27 Scout Tower
07:33 Guard Tower
07:35 Scout Tower
07:41 Scout Tower
08:15 Farm
08:24 Guard Tower
09:16 Scout Tower
09:20 Scout Tower
09:50 Workshop
09:50 Workshop
09:52 Workshop
10:05 Farm
10:39 Scout Tower
12:22 Guard Tower
13:02 Castle
14:41 Town Hall
14:46 Blacksmith
14:49 Blacksmith
16:24 Gryphon Aviary
16:24 Gryphon Aviary
16:25 Gryphon Aviary
20:02 Scout Tower
20:03 Scout Tower
20:04 Scout Tower
20:09 Scout Tower
20:37 Barracks
20:37 Barracks
20:42 Cannon Tower
20:46 Cannon Tower
20:47 Guard Tower
21:00 Lumber Mill
24:35 Town Hall
24:40 Town Hall
25:03 Scout Tower
25:03 Scout Tower
25:04 Scout Tower
25:04 Scout Tower
25:04 Scout Tower
25:05 Scout Tower
25:05 Scout Tower
25:46 Guard Tower
26:24 Farm
26:25 Farm
31:08 Spirit Lodge
31:08 Spirit Lodge
31:08 Spirit Lodge
31:10 Spirit Lodge
33:14 Guard Tower
35:07 Scout Tower
35:08 Scout Tower
35:08 Scout Tower
36:37 Guard Tower
37:47 Town Hall
41:47 Scout Tower
41:48 Scout Tower
41:49 Scout Tower
42:09 Town Hall
43:04 Arcane Vault
44:09 Lumber Mill
44:33 Scout Tower
44:34 Scout Tower
44:34 Scout Tower
44:35 Scout Tower
45:04 Guard Tower
45:04 Guard Tower
45:05 Guard Tower
45:29 Guard Tower
45:54 Guard Tower
47:51 Town Hall
50:52 Gryphon Aviary
50:52 Gryphon Aviary
50:53 Gryphon Aviary
51:00 Farm
51:05 Gryphon Aviary
51:32 Town Hall
51:49 Town Hall
55:53 Arcane Vault
» items
| Scroll of Regeneration | 7 | |
| Lesser Clarity Potion | 9 | |
| Scroll of Town Portal | 5 | |
| Scroll of Healing | 1 | |
| Scroll of Protection | 1 | |
| Scroll of Speed | 1 | |
| Tiny Great Hall | 1 | |
| Potion of Lesser Invulnerability | 2 | |
| Staff of Teleportation | 1 | |
| Potion of Mana | 2 | |
30 total
Elements_ (
teal | 40 APM | 2248 actions | 56:47)
10 Blood Mage
3 Flame Strike
3 Siphon Mana
1 Summon Phoenix
3 Banish
» actions
| Basic commands | 168 | |
| Build / train | 102 | |
| Enter build submenu | 16 | |
| Enter hero's abilities submenu | 10 | |
| Give item / drop item | 5 | |
| Remove unit from queue | 2 | |
| Right click | 1150 | |
| Select / deselect | 535 | |
| Use ability | 260 | |
2248 total
» units
» upgrades
| Gunpowder | 3 | |
| Armor | 3 | |
| Lumber Harvesting | 1 | |
| Flare | 1 | |
| Fragmentation Shards | 1 | |
| Masonry | 2 | |
11 total
» buildings
| Farm | 8 | |
| Lumber Mill | 1 | |
| Altar of Kings | 1 | |
| Scout Tower | 1 | |
| Arcane Tower | 1 | |
| Blacksmith | 1 | |
| Keep | 2 | |
| Castle | 1 | |
| Workshop | 3 | |
| Arcane Vault | 1 | |
20 total
» build order
00:27 Farm
00:46 Lumber Mill
01:05 Farm
01:42 Altar of Kings
01:49 Scout Tower
02:19 Arcane Tower
02:45 Blacksmith
02:54 Keep
03:04 Farm
03:46 Farm
04:03 Farm
04:27 Farm
04:45 Farm
05:17 Castle
05:37 Workshop
05:43 Workshop
05:55 Workshop
12:51 Farm
14:22 Arcane Vault
» items
| Boots of Speed | 1 | |
| Circlet of Nobility | 4 | |
| Scroll of Protection | 1 | |
| Potion of Healing | 1 | |
| Scroll of Regeneration | 2 | |
| Scroll of Town Portal | 1 | |
| Healing Salve | 1 | |
| Staff of Teleportation | 1 | |
12 total
Chat log
(00:07 / All) Nr20CarrierOnly: please don't rush guys
(00:12 / All) wtvr: dont tech
(00:13 / All) wtvr: fag
(00:25 / All) GENESIS_DOESSSS: Oh man.
(00:28 / All) GENESIS_DOESSSS: This game is gonna be weird.
(00:38 / All) wtvr: .
(00:39 / All) Nr20CarrierOnly: why
(00:41 / All) WC3ISDEADFUC: YOU LL LOOSE
(00:45 / All) GENESIS_DOESSSS: because there's at least six humans
(00:47 / All) Nr20CarrierOnly: lose*
(00:50 / All) RANDOMNUMBER: 2 afker 2 tker 2 newbs
(00:58 / All) wtvr: and 3 hackers
(01:07 / All) RANDOMNUMBER: all under 14 and asian
(01:10 / All) Nr20CarrierOnly: and at least 6 bads
(01:12 / All) GeneralOverton: pink u can find a game at 2 45 in the morning, wc3 isnt dead
(01:23 / All) GENESIS_DOESSSS: ive heard people saying this game is dead since 2004
(01:24 / All) wtvr: DIEING ***
(01:26 / All) GENESIS_DOESSSS: it doesnt mean much anymore
(01:34 / All) wtvr: no def dieing since sc2
(01:41 / All) raoul.duke: I just came back to it
(01:42 / All) GENESIS_DOESSSS: nope, because SC2 custom games suck
(01:43 / All) GeneralOverton: but fuck sc2
(01:44 / All) raoul.duke: its so awesome
(01:46 / All) GENESIS_DOESSSS: so everyone comes back here
(01:48 / All) wtvr: but fuck
(01:49 / All) wtvr: >
(01:52 / All) RANDOMNUMBER: someone on our team has generated 7 critters with shops compare ot that'
(01:52 / All) GeneralOverton: it aint half as good as wc3
(01:58 / All) GENESIS_DOESSSS: and team games in SC2 suck too
(02:36 / All) GENESIS_DOESSSS: ok anyway
(02:38 / All) GENESIS_DOESSSS: rule is
(02:41 / All) GENESIS_DOESSSS: i win
(02:41 / All) GENESIS_DOESSSS: you lose
(02:48 / All) GENESIS_DOESSSS: if you win
(02:49 / All) GENESIS_DOESSSS: i report you
(02:56 / All) GENESIS_DOESSSS: I AM THE CARRIER BITCH
(03:35 / Allies) GENESIS_DOESSSS: expo
(04:10 / All) Nr20CarrierOnly: STAY EZ
(04:32 / All) Nr20CarrierOnly: i mean
(04:34 / All) Nr20CarrierOnly: WORTH
(04:37 / Allies) GENESIS_DOESSSS: you got?
(07:47 / All) GENESIS_DOESSSS: out dirt
(08:16 / Allies) GENESIS_DOESSSS: stalling
(08:18 / Allies) GENESIS_DOESSSS: not looking to attack
(10:10 / Allies) Elements_: green
(10:13 / Allies) GENESIS_DOESSSS: uh huh
(10:49 / Allies) wtvr: pink
(10:49 / Allies) wtvr: com
(11:00 / All) Nr20CarrierOnly: slappers only
(11:59 / Allies) GENESIS_DOESSSS: coming to you
(12:10 / Allies) wtvr: next
(15:45 / Allies) GENESIS_DOESSSS: falling b real quick
(16:31 / Allies) GENESIS_DOESSSS: switching to gryphon3
(18:44 / Allies) GENESIS_DOESSSS: brt.
(19:02 / Allies) GENESIS_DOESSSS: just don't die.
(21:18 / Allies) wtvr: lter
(21:20 / Allies) wtvr: alter
(21:21 / Allies) wtvr: get his alter
(22:27 / Allies) wtvr: stop
(22:29 / Allies) wtvr: stick together
(22:31 / Allies) wtvr: pink cmon
(22:40 / Allies) wtvr: attack blue
(22:43 / All) raoul.duke: fuck your couch
(22:52 / Allies) GENESIS_DOESSSS: i got em if you want
(22:53 / All) GENESIS_DOESSSS: why
(24:26 / All) wtvr: gg
(24:30 / Allies) GENESIS_DOESSSS: gg?
(24:41 / Allies) wtvr: tanks and mass knights
(24:43 / Allies) wtvr: verse what
(24:46 / Allies) wtvr: what do we got
(24:54 / Allies) GENESIS_DOESSSS: im sitting on 93 food right now
(24:55 / Allies) GENESIS_DOESSSS: lol
(25:06 / Allies) wtvr: u need to utilize ur air
(25:08 / Allies) wtvr: harras them
(25:10 / Allies) GENESIS_DOESSSS: doing it
(25:29 / Allies) Elements_: you all are all over the map
(25:33 / Allies) Elements_: no combination
(25:43 / Allies) GENESIS_DOESSSS: then quit if you think it's over
(25:44 / Allies) GENESIS_DOESSSS: please
(28:34 / Allies) Elements_: flare
(31:03 / Allies) GENESIS_DOESSSS: ty
(32:40 / All) Elements_: gg
(32:42 / All) wtvr: wow
(32:55 / All) GENESIS_DOESSSS: wow what
(32:59 / All) Elements_: hacked pink out to win
(33:01 / All) Elements_: FAIL
(33:06 / All) GENESIS_DOESSSS: what
(36:45 / Allies) GENESIS_DOESSSS: on it
(36:59 / Allies) Elements_: focus heroes to win
(37:14 / Allies) wtvr: green
(37:15 / Allies) wtvr: expo
(37:54 / Allies) wtvr: they got us?
(38:00 / Allies) GENESIS_DOESSSS: say we hang back for a second
(38:03 / Allies) GENESIS_DOESSSS: that has to die
(38:24 / Allies) wtvr: yea
(38:26 / Allies) wtvr: its gg
(38:28 / Allies) GENESIS_DOESSSS: then leave
(38:55 / Allies) Elements_: they will get mines
(38:59 / Allies) Elements_: if you give them time
(39:05 / Allies) GENESIS_DOESSSS: i'm keeping tabs on it
(39:25 / Allies) GENESIS_DOESSSS: get it
(41:08 / Allies) GENESIS_DOESSSS: they have no gold
(41:16 / Allies) wtvr: we have no units
(41:22 / Allies) GENESIS_DOESSSS: see what happens
(41:29 / Allies) GENESIS_DOESSSS: just keep killingg them
(41:34 / Allies) wtvr: tanks cloud > tower
(41:39 / Allies) GENESIS_DOESSSS: if you think it's over
(41:40 / Allies) GENESIS_DOESSSS: then leave
(41:43 / Allies) GENESIS_DOESSSS: stop bluffing
(41:53 / Allies) wtvr: just callin it as i sees it
(41:56 / Allies) wtvr: no bluffs
(41:59 / Allies) GENESIS_DOESSSS: and staying so you have a chance at winning
(42:06 / Allies) GENESIS_DOESSSS: kk
(42:12 / Allies) wtvr: im not gambling here
(43:48 / Allies) GENESIS_DOESSSS: gonna be close
(43:48 / Allies) GENESIS_DOESSSS: lol
(44:12 / Allies) Elements_: I need a heal
(44:16 / Allies) GENESIS_DOESSSS: come here
(44:29 / Allies) Elements_: get hi mk
(44:32 / Allies) Elements_: I drain mana
(44:43 / Allies) GENESIS_DOESSSS: kk
(45:51 / Allies) GENESIS_DOESSSS: checking
(47:06 / Allies) wtvr: gvie mana
(48:05 / All) Elements_: gg
(48:17 / Allies) GENESIS_DOESSSS: not over
(48:18 / Allies) GENESIS_DOESSSS: can still fuck this up
(48:44 / Allies) GENESIS_DOESSSS: gotta get mana in a second
(48:57 / Allies) GENESIS_DOESSSS: both of us
(49:12 / Allies) GENESIS_DOESSSS: got any gold at all left?
(49:22 / Allies) GENESIS_DOESSSS: ty
(49:37 / Allies) GENESIS_DOESSSS: getting mana
(50:00 / Allies) GENESIS_DOESSSS: just be ready to defend that
(50:06 / Allies) wtvr: n
(50:07 / Allies) wtvr: nj
(50:07 / Allies) Elements_: w win
(50:09 / Allies) Elements_: it's over
(50:18 / Allies) wtvr: hes just running his archmage around
(50:20 / Allies) GENESIS_DOESSSS: no MK
(50:22 / Allies) GENESIS_DOESSSS: did it die?
(50:30 / Allies) wtvr: no he has both
(50:31 / Allies) GENESIS_DOESSSS: ok
(50:34 / Allies) GENESIS_DOESSSS: if the MK dies, it's over
(50:40 / Allies) wtvr: level 7 mk
(50:45 / Allies) wtvr: im almost 10
(51:07 / Allies) Elements_: stun his mage so he doesn't tp out
(51:10 / Allies) GENESIS_DOESSSS: yeah
(51:12 / Allies) wtvr: ya
(51:15 / Allies) GENESIS_DOESSSS: MK is going to be the tough one to take down
(51:17 / Allies) GENESIS_DOESSSS: but he does all the damage
(51:23 / Allies) GENESIS_DOESSSS: we can keep harassing
(51:38 / Allies) wtvr: GRYPHONS HE HAS BASE??
(51:52 / Allies) GENESIS_DOESSSS: could
(51:53 / Allies) GENESIS_DOESSSS: but no mana
(51:55 / Allies) GENESIS_DOESSSS: err
(51:56 / Allies) GENESIS_DOESSSS: no gold
(51:58 / Allies) GENESIS_DOESSSS: so it's irrelevant
(52:48 / Allies) wtvr: should we tp to ur expo?
(52:52 / Allies) GENESIS_DOESSSS: uhhh
(52:54 / Allies) GENESIS_DOESSSS: thinking
(52:57 / Allies) GENESIS_DOESSSS: don't think we'll need the tech
(53:01 / Allies) GENESIS_DOESSSS: can go hawk after this
(53:01 / Allies) wtvr: utilize towers
(53:04 / Allies) GENESIS_DOESSSS: yeah
(53:06 / Allies) GENESIS_DOESSSS: if you want to
(53:07 / Allies) GENESIS_DOESSSS: we can
(53:30 / Allies) GENESIS_DOESSSS: gonna get items for it
(53:30 / Allies) GENESIS_DOESSSS: and TP
(54:23 / Allies) wtvr: knight
(54:25 / Allies) GENESIS_DOESSSS: noted
(54:34 / Allies) GENESIS_DOESSSS: keeping gryphons hidden
(54:40 / Allies) wtvr: care
(54:46 / Allies) GENESIS_DOESSSS: letting you know
(55:01 / Allies) GENESIS_DOESSSS: going
(55:21 / Allies) GENESIS_DOESSSS: on it
(56:26 / Allies) GENESIS_DOESSSS: getting it
(56:28 / All) wtvr: gg
(56:33 / All) RANDOMNUMBER: Gg